 Dungeon Crawl Stone Soup version 0.32-a0-918-g0f22ef8d61 (webtiles) character file.

Game seed: 16082326354424309093

112 Juicyj the Shield-Bearer (level 4, -8/40 HPs)
             Began as a Mountain Dwarf Fighter on Apr 11, 2024.
             Mangled by a gnoll
             ... wielding a +0 halberd
              (12 damage)
             ... on level 3 of the Dungeon.
             The game lasted 00:01:44 (2105 turns).

Juicyj the Shield-Bearer (Mountain Dwarf Fighter)   Turns: 2105, Time: 00:01:45

Health: -8/40      AC:  7    Str: 20    XL:     4   Next: 63%
Magic:  4/4        EV:  8    Int:  9    God:
Gold:   103        SH:  5    Dex: 15    Spells: 3/3 levels left

rFire   . . .        a - +0 war axe
rCold   . . .        c - +0 buckler
rNeg    . . .        b - +0 scale mail
rPois   .            (no helmet)
rElec   .            (no cloak)
rCorr   .            (no gloves)
SInv    .            (no boots)
Will    .....        (no amulet) Stlth
                     n - +6 ring of dexterity
HPRegen 0.26/turn    (no ring)
MPRegen 0.09/turn

%: no passive effects
@: no status effects
A: runic magic, artefact enchanting
a: no special abilities


You were on level 3 of the Dungeon.
You visited 1 branch of the dungeon, and saw 3 of its levels.

You collected 103 gold pieces.

Inventory:

Hand Weapons
 a - a +0 war axe (weapon)
Armour
 b - a +0 scale mail (worn)
 c - a +0 buckler (worn)
Jewellery
 n - a +6 ring of dexterity (left hand)
Scrolls
 e - 3 scrolls of identify {unknown}
 f - a scroll of brand weapon {unknown}
 g - a scroll of poison {unknown}
 j - a scroll of teleportation {unknown}
 l - a scroll of fog {unknown}
 m - a scroll of enchant armour {unknown}
 o - a scroll of amnesia {unknown}
Potions
 d - 2 potions of might
 h - 2 potions of heal wounds {unknown}
 i - 2 potions of attraction {unknown}
 k - 2 potions of enlightenment {unknown}
 p - a potion of degeneration {unknown}


   Skills:
 + Level 4.1 Fighting
 + Level 3.6 Axes
 + Level 4.0 Armour
 + Level 4.2 Shields


You had 3 spell levels left.
You didn't know any spells.
Your spell library contained the following spells:

 Spells                   Type           Power      Damage    Failure   Level
 Freeze                   Ice            0%         1d3       54%         1
 Frozen Ramparts          Ice            0%         1d1       88%         3
 Hailstorm                Conj/Ice       0%         3d5       88%         3


Dungeon Overview and Level Annotations

Branches:
Dungeon (3/15)

Altars:
Elyvilon
Trog
Xom
Yredelemnul

Shops:
D:2 (


Innate Abilities, Weirdness & Mutations

Your spellcasting is much less encumbered by armour.
You can use scrolls of enchantment on lesser artefacts.


Message History

The gnoll is severely wounded.
You block the gnoll's attack. The gnoll hits you with a +0 flail.
You block the gnoll's attack. The gnoll completely misses you.
The gnoll barely misses you.
You hit the gnoll but do no damage.
The gnoll is severely wounded.
You slash the gnoll!
The gnoll hits you from afar with a +0 halberd.
The gnoll closely misses you. The gnoll hits you but does no damage.
You slash the gnoll!
You kill the gnoll!
You hit the gnoll.
You kill the gnoll!
The gnoll hits you from afar with a +0 halberd.
The gnoll hits you with a +0 halberd!
* * * LOW HITPOINT WARNING * * *
Things that are here:
a +0 flail; a +0 club; a gnoll corpse You are too injured to fight recklessly!
You are too injured to fight recklessly!
You are too injured to fight recklessly!
You are too injured to fight recklessly!
You are too injured to fight recklessly!
You are too injured to fight recklessly!
You are too injured to fight recklessly!
You are too injured to fight recklessly!
You are too injured to fight recklessly!
You are too injured to fight recklessly!
You are too injured to fight recklessly!
You are too injured to fight recklessly!
You are too injured to fight recklessly!
You are too injured to fight recklessly!
You hit the gnoll.
The gnoll is heavily wounded.
The gnoll hits you but does no damage. The gnoll hits you with a +0 halberd!
* * * LOW HITPOINT WARNING * * *
You hit the gnoll.
The gnoll is severely wounded.
The gnoll hits you with a +0 halberd!
You die...

# #.. #...#
## #
#..###.###.#
...#...#..#
#...#...#
##.###.##
#...#...#
...#...#...#
##.###.###.##
.. #)@.# ..#
#..g#...#..[
##.# #.###..#
#.. ..# #.#
...# #... .#
##.# #.## ##
##


You could see a gnoll.

Vanquished Creatures
  2 adders (D:2)
  3 gnolls (D:3)
  A ribbon worm (D:2)
  2 dart slugs (D:1)
  6 ball pythons
  7 endoplasms
  2 giant cockroaches (D:2)
  A goblin (D:3)
  2 hobgoblins
  6 jackals
  4 quokkas
  9 bats
  A frilled lizard (D:1)
  6 kobolds
  5 rats
57 creatures vanquished.

Vanquished Creatures (others)
  An orc (D:3)
1 creature vanquished.

Grand Total: 58 creatures vanquished

Notes
Turn   | Place    | Note
-------+----------+-------------------------------------------
     0 | D:1      | Juicyj the Mountain Dwarf Fighter began the quest for the
                  | Orb.
     0 | D:1      | Reached XP level 1. HP: 19/19 MP: 1/1
    19 | D:1      | Reached XP level 2. HP: 9/26 MP: 2/2
   733 | D:2      | Reached XP level 3. HP: 33/33 MP: 3/3
   784 | D:2      | Found a shimmering altar of Xom.
  1345 | D:2      | Found Unirong's Antique Weapon Shop.
  1472 | D:2      | Reached XP level 4. HP: 12/40 MP: 4/4
  1900 | D:3      | Found a basalt altar of Yredelemnul.
  1902 | D:3      | Noticed a profane servitor
  1908 | D:3      | Found a bloodstained altar of Trog.
  1912 | D:3      | Found a white marble altar of Elyvilon.
  2105 | D:3      | Mangled by a gnoll

Illustrated notes

Levels and vault maps discovered:
D:1:      dpeg_arrival_simpleton_a, layout_rooms, serial_bayou_pond_d,
          minmay_liquid_box, st_stairs_7
D:2:      layout_basic, basic_altar, serial_shops, shop, minmay_split_cup_large
D:3:      layout_loops_ring, grunt_temple_overflow_holy_war,
          grunt_temple_overflow_open, kennysheep_doodads

Skill      XL: |  1  2  3  4 |
---------------+-------------+-----
Axes           | 3 |  3.6
Shields        | 4 |  4.2
Fighting       | 4 |  4.1
Armour         | 4 |  4.0

Action                     |  1- 3 |  4- 6 || total
---------------------------+-------+-------++-------
  Melee: War axe           |   113 |    43 ||   156
 Armour: Scale mail        |   111 |    44 ||   155
  Dodge: Dodged            |    68 |    22 ||    90
  Block: Buckler           |    27 |    11 ||    38

Table legend: (Time is in decaauts)
 A = Elapsed time spent in this place.
 B = Non-inter-level travel time spent in this place.
 C = Inter-level travel time spent in this place.
 D = Time resting spent in this place.
 E = Time spent auto-exploring this place.
 F = Levels seen in this place.
 G = Mean time per level.
                   A        B        C        D        E       F      G
               +--------+--------+--------+--------+--------+-----+--------+
         Total |   2165 |   2062 |    103 |      0 |   1670 |   3 |  721.7 |
       Dungeon |   2165 |   2062 |    103 |      0 |   1670 |   3 |  721.7 |
               +--------+--------+--------+--------+--------+-----+--------+

Top non-repeatable levels by time:
     D:2: 1096 daAuts
     D:1: 708 daAuts
     D:3: 361 daAuts
